 Dungeon Crawl Stone Soup version 0.29-a0-876-gfc89b1a5bd (webtiles) character file.

Game seed: 10125005415101311973

888 Monkooky the Fanfare of Bloodshed (level 8, 0/69 HPs)
             Began as a Meteoran Fighter on July 19, 2022.
             Was a Believer of Makhleb.
             Slain by a hornet (11 damage)
             ... on level 5 of the Dungeon.
             The game lasted 00:19:11 (2386 turns).

Monkooky the Fanfare of Bloodshed (MeFi)            Turns: 2386, Time: 00:19:12

Health: 0/69       AC: 11    Str: 20    XL:     8   Next: 51%
Magic:  16/16      EV: 10    Int:  9    God:    Makhleb [**....]
Gold:   137        SH:  5    Dex: 14    Spells: 7/7 levels left

rFire   . . .      SeeInvis .   a - +0 flail
rCold   + . .      Faith    +   c - +0 buckler
rNeg    . . .      Spirit   .   v - +3 ring mail {rC+}
rPois   .          Reflect  .   p - +0 helmet
rElec   .          Harm     .   h - +0 cloak
rCorr   .          Rampage  .   (no gloves)
Will    +....                   (no boots)
Stlth   +.........              y - amulet of faith
HPRegen 0.21/turn               (no ring)
MPRegen 0.15/turn               (no ring)

@: lethally poisoned (0 -> -2), slowed, glowing, very slow
A: sense surroundings 1, otherworldly, glowing, explore regen
a: Renounce Religion, Minor Destruction


You were on level 5 of the Dungeon.
You worshipped Makhleb.
Makhleb was pleased with you.
You visited 2 branches of the dungeon, and saw 6 of its levels.

You collected 137 gold pieces.

Inventory:

Hand Weapons
 a - a +0 flail (weapon)
Missiles
 k - 6 atropa-tipped darts
Armour
 b - a +0 scale mail
 c - a +0 buckler (worn)
 h - a +0 cloak (worn)
 p - a +0 helmet (worn)
 q - +0 ice dragon scales
 v - a +3 ring mail of cold resistance (worn)
 w - a +0 plate armour
Jewellery
 x - an amulet of guardian spirit
 y - an amulet of faith (around neck)
Wands
 f - a wand of polymorph (14)
Scrolls
 e - 3 scrolls of teleportation {unknown}
 i - 2 scrolls of enchant weapon {unknown}
 m - a scroll of brand weapon
 s - a scroll of immolation
 u - a scroll of fog {unknown}
Potions
 d - a potion of might
 g - a potion of resistance {unknown}
 j - 3 potions of curing {unknown}
 l - 2 potions of flight {unknown}
 n - a potion of haste {unknown}
 o - 2 potions of degeneration {unknown}
 r - a potion of heal wounds {unknown}
 t - 2 potions of lignification {unknown}


   Skills:
 - Level 5.4 Fighting
 + Level 3.4 Maces & Flails
 + Level 4.1 Armour
 - Level 3.8 Shields
 - Level 9.7 Invocations


You had 7 spell levels left.
You didn't know any spells.
Your spell library contained the following spells:

 Spells                   Type           Power      Damage    Failure   Level
 Magic Dart               Conj           0%         1d3       65%         1
 Call Imp                 Summ           0%         N/A       78%         2
 Mephitic Cloud           Conj/Pois/Air  0%         N/A       95%         3
 Passage of Golubria      Tloc           0%         N/A       100%        4
 Silence                  Hex/Air        0%         N/A       100%        5
 Lehudib's Crystal Spear  Conj/Erth      0%         10d2      100%        8


Dungeon Overview and Level Annotations

Branches:
Dungeon (5/15) Zot: 771    Temple (1/1) D:5 Zot: 361

Altars:
Cheibriados
Dithmenos
Fedhas
Gozag
Makhleb
Okawaru
Qazlal
Sif Muna
Uskayaw
Vehumet
Xom
Zin
The Shining One


Innate Abilities, Weirdness & Mutations

You passively map a small area around you.
You are easily found by Zot.
You glow in the dark.
You regain HP and MP as you explore.


Message History

Press: ? - help, Q - select action, (/) - cycle Shift-Dir - straight line, f/p - hornet
Aim: a hornet (lightly wounded, covered in acid)
The puff of flame misses the hornet.
The hornet stings you.
You are poisoned.
You feel yourself slow down.
Aiming: Minor Destruction (0% risk of failure)
Press: ? - help, Q - select action, (/) - cycle Shift-Dir - straight line, f/p - hornet
Aim: a hornet (lightly wounded, covered in acid)
The stone arrow hits the hornet!!
The hornet is severely wounded.
You feel very sick. The hornet stings you!
You feel as though you will be slow longer.
You block the hornet's attack.
The hornet stings you but does no damage.
Aiming: Minor Destruction (0% risk of failure)
Press: ? - help, Q - select action, (/) - cycle Shift-Dir - straight line, p - hornet The puff of flame hits the hornet.
The hornet is severely wounded.
You feel sick. The hornet stings you!
You feel as though you will be slow longer.
The hornet stings you.
You feel as though you will be slow longer.
Aiming: Minor Destruction (0% risk of failure)
Press: ? - help, Q - select action, (/) - cycle Shift-Dir - straight line, f - hornet
Aim: a hornet (severely wounded, covered in acid)
The hornet writhes in agony.
You feel sick. The hornet stings you!
* * * LOW HITPOINT WARNING * * *
You feel as though you will be slow longer.
The hornet closely misses you.
Okay, then.
Okay, then.
Aiming: Minor Destruction (0% risk of failure)
Press: ? - help, Q - select action, (/) - cycle Shift-Dir - straight line, f/p - hornet
Aim: a hornet (almost dead, covered in acid)
The stone arrow misses the hornet.
You feel sick. The hornet stings you!
You die...

#.....#.......####
#.....#.......# ,
#.....#......... ,
,
#.....#...........
#...†.#...........
#.....#...........
*,
#.....#...........
, #.....# * ,
#@....# , * ,
......y)........ ,
#.#..)#.........,
......#.....##.. *
#.#.. ..#.#.# .. ,
, , *
.....,........ ,
.... .#.#.#.##. *
, ## .... ,#.....#
+ * ,, #. , ,#.


You could see a hornet (corroded).

Vanquished Creatures
  A water moccasin (D:5)
  3 ogres
  A kobold brigand (D:5)
  A hound (D:5)
  2 orc priests
  Crazy Yiuf (D:5)
  Ijyb (D:4)
  An iguana (D:5)
  4 orc wizards
  Robin (D:3)
  2 gnolls (D:4)
  4 adders
  A white imp (D:5)
  2 dart slugs
  21 orcs
  2 endoplasms (D:1)
  3 giant cockroaches
  7 hobgoblins
  7 jackals (D:3)
  4 kobolds
  3 quokkas
  6 ball pythons
  3 bats
  A frilled lizard (D:2)
  15 goblins
  2 rats (D:3)
99 creatures vanquished.

Notes
Turn   | Place    | Note
-------+----------+-------------------------------------------
     0 | D:1      | Monkooky the Meteoran Fighter began the quest for the Orb.
     0 | D:1      | Reached XP level 1. HP: 19/19 MP: 2/2
    56 | D:1      | Reached XP level 2. HP: 25/26 MP: 3/3
   444 | D:2      | Reached XP level 3. HP: 32/33 MP: 4/4
   690 | D:3      | Noticed Robin
   715 | D:3      | Reached XP level 4. HP: 30/41 MP: 5/5
   731 | D:3      | Killed Robin
   739 | D:3      | Reached skill level 5 in Fighting
   769 | D:3      | Reached XP level 5. HP: 19/48 MP: 6/6
   822 | D:3      | Found a faded altar of an unknown god.
   891 | D:3      | Prayed at the altar of an unknown god.
   891 | D:3      | Became a worshipper of Makhleb the Destroyer
   891 | D:3      | Reached * piety under Makhleb
  1055 | D:3      | Reached skill level 2 in Invocations
  1455 | D:4      | Reached skill level 3 in Invocations
  1480 | D:4      | Reached XP level 6. HP: 56/56 MP: 9/9
  1483 | D:4      | Noticed Ijyb
  1512 | D:4      | Reached ** piety under Makhleb
  1529 | D:4      | Killed Ijyb
  1530 | D:4      | Reached skill level 4 in Invocations
  1598 | D:4      | Reached skill level 5 in Invocations
  1709 | D:5      | Entered Level 5 of the Dungeon
  1728 | D:5      | Noticed an ogre
  1733 | D:5      | Killed an ogre
  1734 | D:5      | Reached skill level 6 in Invocations
  1734 | D:5      | Reached XP level 7. HP: 61/61 MP: 10/12
  1755 | D:5      | Found a staircase to the Ecumenical Temple.
  1798 | D:5      | Noticed a water moccasin
  1834 | D:5      | Reached skill level 7 in Invocations
  1838 | D:5      | HP: 2/61 [ogre/+0 giant club (5)]
  1841 | Temple   | Entered the Ecumenical Temple
  1892 | Temple   | Reached skill level 8 in Invocations
  1901 | Temple   | Reached XP level 8. HP: 17/69 MP: 3/15
  2136 | D:5      | Found a runed translucent door.
  2137 | D:5      | Noticed Crazy Yiuf
  2152 | D:5      | Killed Crazy Yiuf
  2153 | D:5      | Reached skill level 9 in Invocations
  2373 | D:5      | Noticed a hornet
  2386 | D:5      | Slain by a hornet

Illustrated notes

Levels and vault maps discovered:
D:1:      lemuel_arrival_lava_pool, layout_basic
D:2:      layout_loops_corners, st_stairs_1
D:3:      layout_loops_corners, ebering_ecumenical_altar_abandoned,
          minmay_cut_off, uniq_robin
D:4:      layout_layer_cave, uniq_ijyb
D:5:      layout_gridville, minmay_temple_entry_antechambers, serial_glass,
          glass_columns_a, glass_columns_b, glass_columns_a, glass_columns_a,
          glass_columns_a, glass_columns_b, minmay_increasing_density,
          uniq_crazy_yiuf_cottage
Temple:   dshaligram_water_room_temple

Skill      XL: |  1  2  3  4  5  6  7  8 |
---------------+-------------------------+-----
Maces & Flails | 3 |  3.4
Fighting       | 4 5 |  5.4
Invocations    | 3 6 8 9 |  9.7
Armour         | 4 |  4.1
Shields        | |  3.8

Action                   |  1- 3 |  4- 6 |  7- 9 || total
-------------------------+-------+-------+-------++-------
Melee: Flail             |    80 |   165 |    21 ||   266
       Unarmed           |       |     4 |       ||     4
Invok: Minor Destruction |       |    27 |    48 ||    75
Evoke: Wand              |       |     1 |       ||     1
  Use: Scroll            |       |     4 |     2 ||     6
Armor: Scale mail        |    44 |    97 |       ||   141
       Skin              |       |     6 |       ||     6
       Ring mail         |       |     1 |    36 ||    37
Dodge: Dodged            |    30 |    40 |    35 ||   105
Block: Buckler           |    22 |    45 |    19 ||    86

Table legend: (Time is in decaauts)
 A = Elapsed time spent in this place.
 B = Non-inter-level travel time spent in this place.
 C = Inter-level travel time spent in this place.
 D = Time resting spent in this place.
 E = Time spent auto-exploring this place.
 F = Levels seen in this place.
 G = Mean time per level.
                   A        B        C        D        E       F      G
               +--------+--------+--------+--------+--------+-----+--------+
         Total |   2465 |   2367 |     98 |     60 |    269 |   6 |  410.8 |
       Dungeon |   2227 |   2129 |     98 |      4 |    192 |   5 |  445.4 |
        Temple |    238 |    238 |      0 |     56 |     77 |   1 |  238.0 |
               +--------+--------+--------+--------+--------+-----+--------+

Top non-repeatable levels by time:
     D:3: 819 daAuts
     D:5: 447 daAuts
     D:4: 348 daAuts
     D:1: 329 daAuts
     D:2: 282 daAuts
  Temple: 238 daAuts
